PIO (24 & UNDER)
SEATTLE RAINIERS @ CHULA VISTA TACOS
04/22/2026
 
TOP OF THE 1ST
Seattle Rainiers batting - Pitching for Chula Vista Tacos : RHP Roberto Carrillo
Pitching: RHP Roberto Carrillo
Batting: RHB Enrique Mendoza 0-0: Foul Ball, location: 2F
0-1: Ball
1-1: Swinging Strike
1-2: SOLO HOME RUN (Flyball, 7D), Distance : 389 ft
Batting: RHB Alfredo Farías 0-0: Ground out 4-3 (Groundball, 4)
Batting: RHB Robert Marks 0-0: Ball
1-0: Ball
2-0: Called Strike
2-1: Ball
3-1: Foul Ball, location: 2F
3-2: Base on Balls
Batting: LHB Alan Moore 0-0: Ball
1-0: Called Strike
1-1: Swinging Strike
1-2: Ball
2-2: Grounds into double play, U4-3 (Groundball, 4)
Top of the 1st over - 1 run(s), 1 hit(s), 0 error(s), 0 left on base; Seattle 1 - Chula Vista 0
BOTTOM OF THE 1ST
Chula Vista Tacos batting - Pitching for Seattle Rainiers : RHP Domingo García
Pitching: RHP Domingo García
Batting: RHB Gustavo Torres 0-0: Ball
1-0: Ground out 6-3 (Groundball, 6M)
Batting: RHB Tom Cirilo 0-0: Called Strike
0-1: Ground out 5-3 (Groundball, 5L)
Batting: LHB Ken Phillips 0-0: SINGLE (Groundball, 34)
Batting: RHB Johnny Williams 0-0: Ball
1-0: Fly out, F4 (Popup, 34D)
Bottom of the 1st over - 0 run(s), 1 hit(s), 0 error(s), 1 left on base; Seattle 1 - Chula Vista 0
TOP OF THE 2ND
Seattle Rainiers batting - Pitching for Chula Vista Tacos : RHP Roberto Carrillo
Batting: RHB Jacob Hill 0-0: Ball
1-0: Ball
2-0: Ball
3-0: Called Strike
3-1: Swinging Strike
3-2: Base on Balls
Batting: RHB Tony Hernández 0-0: Foul Ball, location: 2F
0-1: Ball
1-1: Ball
2-1: Grounds into double play, 5-4-3 (Groundball, 56)
Batting: RHB Jeremiah Soto 0-0: Called Strike
0-1: Ball
1-1: Ball
2-1: Ball
3-1: Base on Balls
Batting: RHB John Hill 0-0: Called Strike
Jeremiah Soto steals 2nd base
0-1: Swinging Strike
0-2: Fly out, F8 (Flyball, 8RM)
Top of the 2nd over - 0 run(s), 0 hit(s), 0 error(s), 1 left on base; Seattle 1 - Chula Vista 0
BOTTOM OF THE 2ND
Chula Vista Tacos batting - Pitching for Seattle Rainiers : RHP Domingo García
Batting: LHB Joe Baker 0-0: Called Strike
0-1: Foul Ball, location: 2F
0-2: Ball
1-2: Foul Ball, location: 2F
1-2: Strikes out swinging
Batting: RHB Gilbert Forbes 0-0: Fly out, F9 (Flyball, 89M)
Batting: RHB Ray Rogers 0-0: Ball
1-0: Called Strike
1-1: Ball
2-1: Foul Ball, location: 2F
2-2: Ball
3-2: Foul Ball, location: 2F
3-2: Base on Balls
Batting: RHB Ron Garrett 0-0: Ball
1-0: Fly out, F9 (Flyball, 89M)
Bottom of the 2nd over - 0 run(s), 0 hit(s), 0 error(s), 1 left on base; Seattle 1 - Chula Vista 0
TOP OF THE 3RD
Seattle Rainiers batting - Pitching for Chula Vista Tacos : RHP Roberto Carrillo
Batting: RHB Jorge Colón 0-0: Fly out, F6 (Popup, 6MD)
Batting: RHB Enrique Mendoza 0-0: Foul Ball, location: 2F
0-1: Ball
1-1: Bunted foul
1-2: Foul Ball, location: 2F
1-2: Strikes out looking
Batting: RHB Alfredo Farías 0-0: Called Strike
0-1: Foul Ball, location: 2F
0-2: Ball
1-2: Ball
2-2: Strikes out swinging
Top of the 3rd over - 0 run(s), 0 hit(s), 0 error(s), 0 left on base; Seattle 1 - Chula Vista 0
BOTTOM OF THE 3RD
Chula Vista Tacos batting - Pitching for Seattle Rainiers : RHP Domingo García
Batting: LHB Michael Myers 0-0: Ball
1-0: Called Strike
1-1: Swinging Strike
1-2: SINGLE (Line Drive, 9S)
Batting: RHB Gustavo Torres 0-0: Ball
1-0: Foul Ball, location: 2F
1-1: Ball
2-1: Grounds into double play, 4-6-3 (Groundball, 4)
Batting: RHB Tom Cirilo 0-0: Called Strike
0-1: Foul Ball, location: 2F
0-2: SINGLE (Line Drive, 7S)
Batting: LHB Ken Phillips 0-0: SINGLE (Flyball, 9S)
Tom Cirilo to second
Batting: RHB Johnny Williams 0-0: Ball
1-0: Called Strike
1-1: Ball
2-1: Fly out, F7 (Flyball, 78S)
Bottom of the 3rd over - 0 run(s), 3 hit(s), 0 error(s), 2 left on base; Seattle 1 - Chula Vista 0
TOP OF THE 4TH
Seattle Rainiers batting - Pitching for Chula Vista Tacos : RHP Roberto Carrillo
Batting: RHB Robert Marks 0-0: Called Strike
0-1: Called Strike
0-2: SINGLE (Groundball, 56)
Batting: LHB Alan Moore 0-0: Called Strike
0-1: Grounds into double play, 4-6-3 (Groundball, 4)
Batting: RHB Jacob Hill 0-0: Ball
1-0: Ground out 1-3 (Groundball, 13S)
Top of the 4th over - 0 run(s), 1 hit(s), 0 error(s), 0 left on base; Seattle 1 - Chula Vista 0
BOTTOM OF THE 4TH
Chula Vista Tacos batting - Pitching for Seattle Rainiers : RHP Domingo García
Batting: LHB Joe Baker 0-0: DOUBLE (Line Drive, 9LM)
Batting: RHB Gilbert Forbes 0-0: Called Strike
0-1: Foul Ball, location: 2F
0-2: Ball
1-2: Ball
2-2: Strikes out looking
Batting: RHB Ray Rogers 0-0: Called Strike
0-1: Foul Ball, location: 2F
0-2: Foul Ball, location: 2F
0-2: Strikes out swinging
Batting: RHB Ron Garrett 0-0: Called Strike
0-1: Ball
Wild Pitch!
Joe Baker to third
1-1: SINGLE (Groundball, 15) (infield hit)
Joe Baker scores
Batting: LHB Michael Myers 0-0: Called Strike
0-1: Foul Ball, location: 2F
0-2: Strikes out swinging
Bottom of the 4th over - 1 run(s), 2 hit(s), 0 error(s), 1 left on base; Seattle 1 - Chula Vista 1
TOP OF THE 5TH
Seattle Rainiers batting - Pitching for Chula Vista Tacos : RHP Roberto Carrillo
Batting: RHB Tony Hernández 0-0: Ball
1-0: Fly out, F3 (Popup, 3SF)
Batting: RHB Jeremiah Soto 0-0: Ball
1-0: Ball
2-0: Ball
3-0: Base on Balls
Batting: RHB John Hill 0-0: Called Strike
0-1: Fly out, F9 (Flyball, 3D)
Batting: RHB Jorge Colón 0-0: Called Strike
0-1: Ball
1-1: Ball
2-1: Swinging Strike
2-2: Foul Ball, location: 2F
2-2: Foul Ball, location: 2F
2-2: Strikes out swinging
Top of the 5th over - 0 run(s), 0 hit(s), 0 error(s), 1 left on base; Seattle 1 - Chula Vista 1
BOTTOM OF THE 5TH
Chula Vista Tacos batting - Pitching for Seattle Rainiers : RHP Domingo García
Batting: RHB Gustavo Torres 0-0: Foul Ball, location: 2F
0-1: Ball
1-1: Foul Ball, location: 2F
1-2: Ball
2-2: Ball
3-2: Foul Ball, location: 2F
3-2: Foul Ball, location: 2F
3-2: Foul Ball, location: 2F
3-2: SINGLE (Groundball, 6M)
Batting: RHB Tom Cirilo 0-0: Called Strike
0-1: Foul Ball, location: 2F
0-2: Ball
Gustavo Torres steals 2nd base
1-2: Strikes out swinging
Batting: LHB Ken Phillips 0-0: Intentional Walk
Batting: RHB Johnny Williams 0-0: Called Strike
0-1: Ball
1-1: Fielders Choice at 3rd, U5 (Groundball, 5L)
Ken Phillips to second
Pinch Runner at 2nd Will David:
Batting: LHB Joe Baker 0-0: Ball
1-0: Foul Ball, location: 2F
1-1: SINGLE (Line Drive, 7S)
Will David to third
Johnny Williams to second
Runner from 3rd tries for Home, SAFE, no throw or cutoff
Batting: RHB Gilbert Forbes 0-0: Called Strike
0-1: Fly out, F9 (Flyball, 89XD)
Bottom of the 5th over - 1 run(s), 2 hit(s), 0 error(s), 2 left on base; Seattle 1 - Chula Vista 2
TOP OF THE 6TH
Seattle Rainiers batting - Pitching for Chula Vista Tacos : RHP Roberto Carrillo
Now in CF: Will David
Batting: RHB Enrique Mendoza 0-0: Fly out, F8 (Flyball, 8LD)
Batting: RHB Alfredo Farías 0-0: Foul Ball, location: 2F
0-1: Ball
1-1: Called Strike
1-2: Foul Ball, location: 2F
1-2: Strikes out swinging
Batting: RHB Robert Marks 0-0: Called Strike
0-1: Ball
1-1: Ball
2-1: Ball
3-1: Base on Balls
Batting: LHB Alan Moore 0-0: Ground out 4-3 (Groundball, 4)
Top of the 6th over - 0 run(s), 0 hit(s), 0 error(s), 1 left on base; Seattle 1 - Chula Vista 2
BOTTOM OF THE 6TH
Chula Vista Tacos batting - Pitching for Seattle Rainiers : RHP Domingo García
Batting: RHB Ray Rogers 0-0: Called Strike
0-1: Fly out, F9 (Flyball, 9M)
Batting: RHB Ron Garrett 0-0: Ball
1-0: Ball
2-0: Ball
3-0: Called Strike
3-1: Called Strike
3-2: Ground out 4-3 (Groundball, 13)
Batting: LHB Michael Myers 0-0: Foul Ball, location: 2F
0-1: Ball
1-1: SINGLE (Flyball, 6MD)
Pitching: RHP Jimmy Banks
Batting: RHB Gustavo Torres 0-0: Ball
1-0: Swinging Strike
1-1: Foul Ball, location: 2F
1-2: Foul Ball, location: 2F
1-2: Foul Ball, location: 2F
1-2: Foul Ball, location: 2F
1-2: Strikes out swinging
Bottom of the 6th over - 0 run(s), 1 hit(s), 0 error(s), 1 left on base; Seattle 1 - Chula Vista 2
TOP OF THE 7TH
Seattle Rainiers batting - Pitching for Chula Vista Tacos : RHP Roberto Carrillo
Batting: RHB Jacob Hill 0-0: Called Strike
0-1: Ball
1-1: Ground out 1-3 (Groundball, 13S)
Batting: RHB Tony Hernández 0-0: Ball
1-0: Foul Ball, location: 2F
1-1: Swinging Strike
1-2: Fly out, F7 (Flyball, 78M)
Batting: RHB Jeremiah Soto 0-0: Called Strike
0-1: Ball
1-1: Ball
2-1: Foul Ball, location: 2F
2-2: Ground out 6-3 (Groundball, 6)
Top of the 7th over - 0 run(s), 0 hit(s), 0 error(s), 0 left on base; Seattle 1 - Chula Vista 2
BOTTOM OF THE 7TH
Chula Vista Tacos batting - Pitching for Seattle Rainiers : RHP Jimmy Banks
Batting: RHB Tom Cirilo 0-0: Swinging Strike
0-1: Swinging Strike
0-2: Ball
1-2: Ground out 5-3 (Groundball, 56)
Batting: RHB Will David 0-0: Ball
1-0: Called Strike
1-1: Foul Ball, location: 2F
1-2: Foul Ball, location: 2F
1-2: Strikes out swinging
Batting: RHB Johnny Williams 0-0: Foul Ball, location: 2F
0-1: Ball
1-1: Foul Ball, location: 2F
1-2: Ball
2-2: Fly out, F8 (Flyball, 8LM)
Bottom of the 7th over - 0 run(s), 0 hit(s), 0 error(s), 0 left on base; Seattle 1 - Chula Vista 2
TOP OF THE 8TH
Seattle Rainiers batting - Pitching for Chula Vista Tacos : RHP Roberto Carrillo
Pitching: RHP Joe Shoemaker
Batting: RHB John Hill 0-0: Fly out, F8 (Flyball, 8RXD)
Now in CF: Gonzalo Benítez
Batting: RHB Jorge Colón 0-0: Foul Ball, location: 2F
0-1: Foul Ball, location: 2F
0-2: Ball
1-2: Strikes out swinging
Batting: RHB Enrique Mendoza 0-0: Called Strike
0-1: Swinging Strike
0-2: Strikes out looking
Top of the 8th over - 0 run(s), 0 hit(s), 0 error(s), 0 left on base; Seattle 1 - Chula Vista 2
BOTTOM OF THE 8TH
Chula Vista Tacos batting - Pitching for Seattle Rainiers : RHP Jimmy Banks
Batting: LHB Joe Baker 0-0: Ball
1-0: Fly out, F8 (Line Drive, 8RM)
Batting: RHB Gilbert Forbes 0-0: Swinging Strike
0-1: Ball
1-1: Called Strike
1-2: Ball
2-2: Foul Ball, location: 2F
2-2: Ground out 6-3 (Groundball, 6)
Batting: RHB Ray Rogers 0-0: Fly out, F8 (Flyball, 8RM)
Bottom of the 8th over - 0 run(s), 0 hit(s), 0 error(s), 0 left on base; Seattle 1 - Chula Vista 2
TOP OF THE 9TH
Seattle Rainiers batting - Pitching for Chula Vista Tacos : RHP Joe Shoemaker
Pitching: LHP Rafael Alemán
Now at SS: Walt Rodgers
Pinch Hitting: RHB Juan Robles 0-0: Ball
1-0: Foul Ball, location: 2F
1-1: Ball
2-1: Foul Ball, location: 2F
2-2: Strikes out swinging
Batting: RHB Robert Marks 0-0: Ball
1-0: Swinging Strike
1-1: Ball
2-1: Swinging Strike
2-2: Strikes out swinging
Batting: LHB Alan Moore 0-0: SINGLE (Line Drive, 56D)
Batting: RHB Jacob Hill 0-0: Fielders Choice at 2nd, 5-4 (Groundball, 56)
Top of the 9th over - 0 run(s), 1 hit(s), 0 error(s), 0 left on base; Seattle 1 - Chula Vista 2
Monday, December 5th, 2016 - OOTP Baseball 17.12 Build 75